 Dungeon Crawl Stone Soup version 0.30-a0-965-g42e074c17a (webtiles) character file.

Game seed: 11936743041107317292

2564 pokeman the Thaumaturge (level 9, -6/49 HPs)
             Began as a Deep Elf Hedge Wizard on Mar 30, 2023.
             Mangled by a wyvern (13 damage)
             ... on level 8 of the Dungeon.
             The game lasted 00:15:37 (8315 turns).

pokeman the Thaumaturge (Deep Elf Hedge Wizard)     Turns: 8315, Time: 00:15:38

Health: -6/49      AC: 10    Str:  7    XL:     9   Next: 31%
Magic:  32/35      EV: 13    Int: 24    God:
Gold:   496        SH:  5    Dex: 14    Spells: 22/30 levels left

rFire   . . .      SeeInvis .    L - +5 mace
rCold   . . .      Faith    .    (no shield)
rNeg    . . .      Spirit   .    G - +0 steam dragon scales
rPois   +          Reflect  +    u - +0 helmet
rElec   .          Rampage  .    A - +0 cloak
rCorr   .                        K - +0 pair of gloves
Will    .....                    x - +0 pair of boots
Stlth   ++                       v - amulet of reflection
HPRegen 0.28/turn                I - ring of poison resistance
MPRegen 0.24/turn                w - ring of magical power

@: no status effects
A: no striking features
a: no special abilities


You were on level 8 of the Dungeon.
You visited 2 branches of the dungeon, and saw 9 of its levels.

You collected 496 gold pieces.

Inventory:

Hand Weapons
 L - a +5 mace (weapon)
Armour
 s - a +0 ring mail of poison resistance
 u - a +0 helmet (worn)
 x - a +0 pair of boots (worn)
 A - a +0 cloak (worn)
 G - +0 steam dragon scales (worn)
 K - a +0 pair of gloves (worn)
Jewellery
 e - a ring of ice
 n - an amulet of magic regeneration
 o - a ring of resist corrosion
 v - an amulet of reflection (around neck)
 w - a ring of magical power (right hand)
 I - a ring of poison resistance (left hand)
Wands
 y - a wand of acid (5)
 J - a wand of charming (10)
Scrolls
 c - a scroll of enchant armour {unknown}
 f - 3 scrolls of amnesia {unknown}
 g - 3 scrolls of magic mapping {unknown}
 h - 2 scrolls of enchant weapon {unknown}
 j - a scroll of poison {unknown}
 k - 4 scrolls of vulnerability {unknown}
 l - a scroll of torment {unknown}
 p - 6 scrolls of identify {unknown}
 q - 3 scrolls of fear {unknown}
 E - 2 scrolls of fog {unknown}
 F - a scroll of teleportation {unknown}
 H - a scroll of summoning {unknown}
Potions
 b - a potion of berserk rage {unknown}
 d - 3 potions of magic
 i - 2 potions of degeneration {unknown}
 m - 3 potions of invisibility {unknown}
 r - a potion of cancellation {unknown}
 t - 4 potions of curing
 z - a potion of ambrosia {unknown}
 B - 4 potions of heal wounds {unknown}
 C - 2 potions of might {unknown}
 D - 3 potions of lignification {unknown}


   Skills:
 + Level 2.7 Fighting
 - Level 3.0 Armour
 - Level 3.0 Dodging
 - Level 3.0 Stealth
 * Level 11.0 Spellcasting
 + Level 6.1 Conjurations
 + Level 5.1 Summonings
 - Level 1.1 Translocations
 - Level 1.3 Air Magic
 - Level 1.2 Poison Magic
 - Level 3.0 Evocations


You had 22 spell levels left.
You knew the following spells:

 Your Spells              Type           Power      Damage    Failure   Level
a - Magic Dart            Conj           100%       1d8       1%          1
b - Mephitic Cloud        Conj/Pois/Air  27%        N/A       4%          3
c - Call Imp              Summ           37%        N/A       1%          2
d - Blink                 Tloc           36%        N/A       4%          2

Your spell library contained the following spells:

 Spells                   Type           Power      Damage    Failure   Level
 Necrotise                Necr           52%        1d6       4%          1
 Slow                     Hex            52%        N/A       4%          1
 Cigotuvi's Dreadful Rot  Necr/Pois/Air  34%        N/A       4%          2
 Vampiric Draining        Necr           13%        2d6       14%         3
 Agony                    Necr           13%        N/A       78%         5


Dungeon Overview and Level Annotations

Branches:
Dungeon (8/15)             Temple (1/1) D:7
   Lair: D:8-11

Altars:
Cheibriados
Elyvilon
Gozag
Hepliaklqana
Kikubaaqudgha
Makhleb
Nemelex Xobeh
Okawaru
Qazlal
Ru
Sif Muna
Uskayaw
Wu Jian
Xom
Yredelemnul
Zin
The Shining One

Shops:
D:1 *


Message History

The wyvern is lightly wounded.
The stinking cloud engulfs you but does no damage.
You hear a shout!
The wyvern is engulfed in noxious fumes.
The wyvern appears confused.
The wyvern closely misses you.
Unknown command.
You barely miss the wyvern.
The wyvern is lightly wounded.
The wyvern is engulfed in noxious fumes.
The wyvern appears confused.
The wyvern is engulfed in noxious fumes.
The wyvern misses you.
The wyvern bites you but does no damage.
The wyvern bites you!
You sock the wyvern!
The wyvern is moderately wounded.
The wyvern bites you!
The wyvern barely misses itself.
You barely miss the wyvern.
The wyvern is moderately wounded.
The wyvern is engulfed in noxious fumes.
The wyvern appears confused.
The wyvern bites you!
Your magical contamination has completely faded away.
You catch the helpless wyvern completely off-guard!
You hit the wyvern.
The wyvern is heavily wounded.
You catch the helpless wyvern completely off-guard!
You hit the wyvern.
The wyvern is severely wounded.
You hit the wyvern.
The wyvern is severely wounded.
The wyvern barely misses you. You block the wyvern's attack.
You barely miss the wyvern.
The wyvern is severely wounded.
The wyvern bites you!
* * * LOW HITPOINT WARNING * * *
The wyvern misses you.
You hit the wyvern but do no damage.
The wyvern is severely wounded.
The wyvern bites you!
You die...

#+##♣.......##
.....+..#♣_.......#
.....#..#♣........#
P...#..#.♣.......#
....#..##♣.....+##
#P..#...#........# #..
###.##.......#
#######.#####....##....#
.........l@#...........#
....$.#....#...........#
..... #....'...........#
.... #....#...........#
... ################# ##


You could see a wyvern (confused).

Vanquished Creatures
  Maggie (D:6)
  A steam dragon (D:6)
  An ice beast (D:7)
  A sky beast (D:6)
  2 black bears
  2 ogres (D:7)
  3 phantoms
  3 bullfrogs
  A gnoll sergeant (D:7)
  A scorpion (D:5)
  3 wights (D:7)
  4 killer bees (D:7)
  2 howler monkeys
  4 hounds
  2 jellies
  3 orc priests
  An iguana (D:6)
  An orc wizard (D:3)
  5 gnolls (D:7)
  7 adders
  2 shadow imps (D:6)
  2 ufetubi
  4 dart slugs
  10 orcs
  5 endoplasms
  4 giant cockroaches
  7 goblins
  2 hobgoblins (D:4)
  4 jackals (D:4)
  5 quokkas
  8 ball pythons
  4 bats (D:1)
  4 frilled lizards
  12 kobolds
  7 rats
128 creatures vanquished.

Vanquished Creatures (collateral kills)
  A kobold brigand (D:8)
  A jelly (D:6)
  An orc wizard (D:4)
  2 adders
  A white imp (D:6)
6 creatures vanquished.

Grand Total: 134 creatures vanquished

Notes
Turn   | Place    | Note
-------+----------+-------------------------------------------
     0 | D:1      | pokeman the Deep Elf Hedge Wizard began the quest for the
                  | Orb.
     0 | D:1      | Reached XP level 1. HP: 10/10 MP: 7/7
   225 | D:1      | Found Nyuzawun's Assorted Antiques.
   680 | D:1      | Reached XP level 2. HP: 16/16 MP: 1/9
  1639 | D:2      | Found an ancient bone altar of Kikubaaqudgha.
  1735 | D:2      | Reached skill level 5 in Spellcasting
  1834 | D:2      | Reached XP level 3. HP: 20/20 MP: 9/11
  1838 | D:2      | Learned a level 3 spell: Mephitic Cloud
  1841 | D:2      | Learned a level 2 spell: Call Imp
  1844 | D:2      | Learned a level 2 spell: Blink
  2360 | D:3      | Reached skill level 1 in Fighting
  2499 | D:3      | Reached skill level 1 in Armour
  2499 | D:3      | Reached XP level 4. HP: 15/25 MP: 10/13
  3210 | D:4      | Reached skill level 6 in Spellcasting
  3436 | D:4      | Reached XP level 5. HP: 26/29 MP: 15/15
  3668 | D:4      | Found a hazy altar of Hepliaklqana.
  3802 | D:4      | Noticed a black bear
  3814 | D:4      | Killed a black bear
  3815 | D:4      | Reached skill level 1 in Air Magic
  3815 | D:4      | Reached skill level 1 in Poison Magic
  3815 | D:4      | Reached XP level 6. HP: 34/34 MP: 17/17
  3887 | D:4      | Found a glowing golden altar of the Shining One.
  4198 | D:5      | Entered Level 5 of the Dungeon
  4352 | D:5      | Reached skill level 7 in Spellcasting
  4638 | D:5      | Reached XP level 7. HP: 39/39 MP: 20/20
  4855 | D:5      | Found Hiodoiru's Jewellery Boutique.
  4989 | D:5      | Found a basalt altar of Yredelemnul.
  5244 | D:5      | Reached skill level 8 in Spellcasting
  5635 | D:6      | Reached skill level 1 in Evocations
  5639 | D:6      | Noticed a steam dragon
  5672 | D:6      | Killed a steam dragon
  5767 | D:6      | Noticed Maggie
  5887 | D:6      | Reached XP level 8. HP: 44/44 MP: 22/22
  6127 | D:6      | Killed Maggie
  6128 | D:6      | Reached skill level 9 in Spellcasting
  6302 | D:6      | Reached skill level 5 in Conjurations
  6581 | D:6      | Found a sparkling altar of Nemelex Xobeh.
  6893 | D:7      | Reached skill level 10 in Spellcasting
  6951 | D:7      | Reached XP level 9. HP: 48/48 MP: 10/25
  7505 | D:7      | Found a staircase to the Ecumenical Temple.
  7514 | Temple   | Entered the Ecumenical Temple
  7893 | D:7      | Upgraded the game from 0.30-a0-964-gd452b5e7fa to
                  | 0.30-a0-965-g42e074c17a
  8183 | D:8      | Reached skill level 5 in Summonings
  8190 | D:8      | Reached skill level 11 in Spellcasting
  8271 | D:8      | Found a glowing silver altar of Zin.
  8315 | D:8      | Mangled by a wyvern

Illustrated notes

Levels and vault maps discovered:
D:1:      kilobyte_arrival_exit_the_forest, layout_basic, serial_shops,
          nicolae_shop_competitors_out_of_business
D:2:      layout_basic, basic_altar
D:3:      layout_basic
D:4:      layout_loops_ring, kennysheep_little_box,
          mainiacjoe_overflow_surrounded_room
D:5:      layout_basic, mainiacjoe_overflow_alcove_2, serial_shops, shop_statue,
          minmay_misc_feat_cross, minmay_joined_circles
D:6:      layout_basic, kennysheep_mini, kennysheep_big_empty_room, uniq_maggie
D:7:      layout_basic, minmay_temple_entry_grid, kennysheep_flooded_box
D:8:      layout_gridville, zin_academy, kiku_gazebo_garden_becter,
          gammafunk_temple_overflow_forgotten, uniq_psyche
Temple:   jpeg_temple_clearing

Skill      XL: |  1  2  3  4  5  6  7  8  9 |
---------------+----------------------------+-----
Spellcasting   | 5 6 7 8 10 11 | 11.0
Fighting       | 1 2 |  2.7
Armour         | 1 3 |  3.0
Conjurations   | 2 3 4 5 6 |  6.1
Dodging        | 3 |  3.0
Stealth        | 3 |  3.0
Air Magic      | 1 |  1.3
Poison Magic   | 1 |  1.2
Summonings     | 2 3 4 5 |  5.1
Evocations     | 1 3 |  3.0
Translocations | |  1.1

Action                     |  1- 3 |  4- 6 |  7- 9 || total
---------------------------+-------+-------+-------++-------
  Melee: Dagger            |    11 |    19 |    72 ||   102
         Punch             |       |       |     2 ||     2
         Mace              |       |       |    17 ||    17
   Cast: Magic Dart        |    95 |   103 |   198 ||   396
         Mephitic Cloud    |     1 |     4 |    24 ||    29
         Call Imp          |       |     3 |     8 ||    11
         Blink             |       |       |     2 ||     2
   Stab: Confused          |       |     2 |    20 ||    22
 Armour: Robe              |     3 |     3 |     5 ||    11
         Steam dragon scal |       |       |    16 ||    16
  Dodge: Dodged            |     4 |    24 |    62 ||    90
  Block: Other             |       |     3 |    23 ||    26
         Reflection        |       |     1 |     1 ||     2

Table legend: (Time is in decaauts)
 A = Elapsed time spent in this place.
 B = Non-inter-level travel time spent in this place.
 C = Inter-level travel time spent in this place.
 D = Time resting spent in this place.
 E = Time spent auto-exploring this place.
 F = Levels seen in this place.
 G = Mean time per level.
                   A        B        C        D        E       F      G
               +--------+--------+--------+--------+--------+-----+--------+
         Total |   8326 |   8069 |    257 |    140 |   6858 |   9 |  925.1 |
       Dungeon |   8186 |   7946 |    240 |    140 |   6747 |   8 | 1023.2 |
        Temple |    140 |    123 |     17 |      0 |    111 |   1 |  140.0 |
               +--------+--------+--------+--------+--------+-----+--------+

Top non-repeatable levels by time:
     D:5: 1499 daAuts
     D:1: 1478 daAuts
     D:7: 1298 daAuts
     D:6: 1036 daAuts
     D:4: 1019 daAuts
     D:3: 893 daAuts
     D:2: 813 daAuts
     D:8: 147 daAuts
  Temple: 140 daAuts
